 Dungeon Crawl Stone Soup version 0.30.1-9-gdf580d7c3d (webtiles) character file.

Game seed: 6185717084537026424

332 monsoonserge the Grasshopper (level 6, 0/47 HPs)
             Began as a Demonspawn Warper on Oct 3, 2023.
             Killed from afar by Blork the orc (4 damage)
             ... with a puff of flame
             ... on level 4 of the Dungeon.
             The game lasted 00:13:31 (4480 turns).

monsoonserge the Grasshopper (Demonspawn Warper)    Turns: 4480, Time: 00:13:32

Health: 0/47       AC:  6    Str: 12      XL:     6   Next: 26%
Magic:  9/9        EV: 11    Int: 20      God:
Gold:   185        SH:  0    Dex:  9 (12) Spells: 7/9 levels left

rFire   . . .        r - +2 whip (elec)
rCold   . . .        (no shield)
rNeg    . . .        x - +0 leather armour "Atukoq" {Slay+2}
rPois   .            (helmet restricted)
rElec   .            h - +0 cloak
rCorr   +            (no gloves)
SInv    .            A - +1 pair of boots "Jeciruot" {Will- rCorr Int+2}
Will    .....        n - amulet of magic regeneration
Stlth   +            (no ring)
HPRegen 0.27/turn    (no ring)
MPRegen 0.51/turn

%: no passive effects
@: no status effects
A: antennae 2, big brain 1
a: no special abilities


You were on level 4 of the Dungeon.
You visited 1 branch of the dungeon, and saw 5 of its levels.

You collected 185 gold pieces.

Inventory:

Hand Weapons
 b - a +1 dagger of venom
 l - a +1 vampiric hand axe
 m - a +0 morningstar
 r - a +2 whip of electrocution (weapon)
Missiles
 d - 6 boomerangs of dispersal (quivered)
Armour
 a - a +0 scale mail
 f - a +0 ring mail
 h - a +0 cloak (worn)
 w - a +0 chain mail
 x - the +0 leather armour "Atukoq" (worn) {Slay+2}
   (You took it off a goblin on level 2 of the Dungeon)

   Slay:      It affects your accuracy & damage with ranged weapons and melee
   (+2).
 A - the +1 pair of boots "Jeciruot" (worn) {Will- rCorr Int+2}
   (You found it on level 4 of the Dungeon)

   Int:       It affects your intelligence (+2).
   rCorr:     It protects you from acid and corrosion.
   Will:      It decreases your willpower.
Magical Staves
 e - a staff of earth
 k - a staff of poison
Jewellery
 n - an amulet of magic regeneration (around neck)
 v - an amulet of faith
Scrolls
 c - 2 scrolls of blinking
 g - 3 scrolls of teleportation {unknown}
 i - 2 scrolls of enchant weapon {unknown}
 j - a scroll of magic mapping {unknown}
 o - 3 scrolls of identify {unknown}
 p - a scroll of fog {unknown}
 q - 2 scrolls of poison {unknown}
 s - a scroll of brand weapon {unknown}
 u - a scroll of silence {unknown}
 y - a scroll of noise {unknown}
 z - a scroll of vulnerability {unknown}
 B - a scroll of fear {unknown}
Potions
 t - 2 potions of resistance


   Skills:
 + Level 3.0 Fighting
 - Level 2.8 Long Blades
 + Level 1.0 Axes
 + Level 0.4(0.8) Maces & Flails
 + Level 1.2 Throwing
 + Level 3.0 Armour
 + Level 2.9 Dodging
 + Level 0.1 Stealth
 - Level 2.0 Spellcasting
 * Level 3.4 Translocations


You had 7 spell levels left.
You knew the following spells:

 Your Spells              Type           Power      Damage    Failure   Level
a - Blink                 Tloc           30%        N/A       8%          2

Your spell library contained the following spells:

 Spells                   Type           Power      Damage    Failure   Level
 Lesser Beckoning         Tloc           30%        N/A       8%          2
 Teleport Other           Tloc           15%        N/A       14%         3
 Poisonous Vapours        Pois/Air       4%         N/A       30%         2
 Vhi's Electric Charge    Tloc/Air       16%        N/A       30%         3
 Manifold Assault         Tloc           15%        N/A       43%         4
 Mephitic Cloud           Conj/Pois/Air  2%         N/A       52%         3
 Freezing Cloud           Conj/Ice/Air   1%         6-21      99%         5


Dungeon Overview and Level Annotations

Branches:
Dungeon (5/15)
 Temple: D:4-7

Altars:
Xom

Shops:
D:2 :

Annotations:
D:3 Pargi
D:4 Blork the orc


Innate Abilities, Weirdness & Mutations

You have a pair of antennae on your head.
You have an unusually large brain. (Int +2)


Message History

Blork the orc zaps a wand.
The puff of flame hits you!
There is a stone staircase leading up here.
Blork the orc screams, "I'll eat your brain!
And then I'll vomit it back up!"
Blork the orc hits you with a +0 battleaxe!
You climb upwards.
There is a stone staircase leading down here.
You barely miss Blork the orc.
Blork the orc is lightly wounded.
Blork the orc zaps a wand.
The puff of flame hits you.
You aren't carrying any items that you can evoke.
You barely miss Blork the orc.
Blork the orc is lightly wounded.
Blork the orc zaps a wand.
The puff of flame hits you but does no damage.
You hit Blork the orc but do no damage.
Blork the orc is lightly wounded.
Blork the orc zaps a wand.
The puff of flame hits you.
* * * LOW HITPOINT WARNING * * *
You hit Blork the orc.
Blork the orc is moderately wounded.
Blork the orc closely misses you.
You whack Blork the orc!
Blork the orc is heavily wounded.
Blork the orc closely misses you.
You hit Blork the orc.
Blork the orc is severely wounded.
Blork the orc zaps a wand.
The puff of flame hits you but does no damage.
You hit Blork the orc.
Blork the orc is severely wounded.
Blork the orc hits you with a +0 battleaxe!
* * * LOW HITPOINT WARNING * * *
You hit Blork the orc but do no damage.
Blork the orc is severely wounded.
Blork the orc screams, "I'll eat your brain!
And then I'll vomit it back up!"
Blork the orc misses you.
You hit Blork the orc but do no damage.
Blork the orc is severely wounded.
Blork the orc zaps a wand.
The puff of flame hits you.
You die...

#P#≈.≈#P##.....###.....#.#
#P$≈.≈P.####.######...###.
#P.≈.≈..# #.# #..###.###
#P#≈.≈#P# #.# #....#.# #
#PP≈.≈.P# ##.####....#.###
#..≈.≈P.###...............
#.#≈.≈#.#...#####.........
#P.≈.≈.P.o##......###.....
#........@...###### #.....
#....)....#### #.....
#.........# #.....
#.........# ######
###########


You could see Blork the orc.

Vanquished Creatures
  An orc priest (D:2)
  A gnoll bouda (D:3)
  An iguana (D:4)
  Robin (D:3)
  3 gnolls
  10 adders
  4 worms
  4 dart slugs
  8 orcs
  9 endoplasms
  2 giant cockroaches
  16 goblins
  8 hobgoblins
  3 quokkas
  8 ball pythons
  4 bats
  2 frilled lizards
  7 kobolds
  10 rats
102 creatures vanquished.

Vanquished Creatures (others)
  A hobgoblin (D:1)
1 creature vanquished.

Grand Total: 103 creatures vanquished

Notes
Turn   | Place    | Note
-------+----------+-------------------------------------------
     0 | D:1      | monsoonserge the Demonspawn Warper began the quest for the
                  | Orb.
     0 | D:1      | Reached XP level 1. HP: 16/16 MP: 3/3
     6 | D:1      | Noticed a lindwurm
     6 | D:1      | Noticed a water moccasin
     6 | D:1      | Noticed a snapping turtle
     6 | D:1      | Noticed a hog
     6 | D:1      | Noticed a polar bear
    60 | D:1      | Reached skill level 1 in Throwing
   157 | D:1      | Gained mutation: You have an unusually large brain. (Int
                  | +2) [demonic ancestry]
   157 | D:1      | Reached XP level 2. HP: 22/22 MP: 5/5
   160 | D:1      | Learned a level 2 spell: Blink
   784 | D:1      | Reached skill level 1 in Armour
  1115 | D:2      | Reached XP level 3. HP: 27/27 MP: 6/6
  1640 | D:2      | Gained mutation: You have a pair of small antennae on your
                  | head. [demonic ancestry]
  1640 | D:2      | Reached XP level 4. HP: 30/34 MP: 7/7
  1786 | D:2      | Found Somokkum's Book Emporium.
  1966 | D:3      | Identified the +0 leather armour "Atukoq" {Slay+2}
  1968 | D:3      | Noticed Robin
  2273 | D:3      | Gained mutation: You have a pair of antennae on your head.
                  | [demonic ancestry]
  2273 | D:3      | Reached XP level 5. HP: 29/39 MP: 8/8
  2353 | D:3      | Found a shimmering altar of Xom.
  2434 | D:3      | Killed Robin
  2967 | D:3      | Noticed Pargi
  3711 | D:4      | Reached XP level 6. HP: 47/47 MP: 9/9
  4071 | D:4      | Identified the +1 pair of boots "Jeciruot" {Will- rCorr
                  | Int+2}
  4316 | D:4      | Reached skill level 1 in Axes
  4460 | D:5      | Entered Level 5 of the Dungeon
  4460 | D:5      | Noticed Blork the orc
  4480 | D:4      | Killed from afar by Blork the orc

Illustrated notes

Levels and vault maps discovered:
D:1:      onia_arrival_zoo_common, layout_loops_ring, serial_forest,
          infiniplex_forest_straight_5, infiniplex_forest_straight_2,
          infiniplex_forest_end_double, infiniplex_forest_end_3,
          infiniplex_forest_straight_2, infiniplex_forest_clump_cross
D:2:      minmay_general_purpose_star, layout_rooms, serial_shops, shop,
          nicolae_wormholes
D:3:      layout_basic, nicolae_overflow_crystal_walls, st_stairs_14,
          uniq_robin, uniq_pargi
D:4:      nicolae_cairo_tiling, layout_rooms, nicolae_elyvilon_temple_path,
          serial_bayou, serial_bayou_lagoon_a, serial_bayou_pond_c,
          serial_bayou_pond_b, serial_bayou_crossing, serial_bayou_pond_a
D:5:      layout_gridville, grunt_temple_overflow_open, kennysheep_little_box,
          uniq_crazy_yiuf_cottage, uniq_eustachio, uniq_blork_the_orc,
          uniq_sigmund

Skill      XL: |  1  2  3  4  5  6 |
---------------+-------------------+-----
Throwing       | 1 |  1.2
Dodging        | 2 |  2.9
Translocations | 3 |  3.4
Armour         | 1 2 3 |  3.0
Long Blades    | 2 |  2.8
Fighting       | 3 |  3.0
Axes           | 1 |  1.0
Maces & Flails | |  0.4
Stealth        | |  0.1
Spellcasting   | |  2.0

Action                     |  1- 3 |  4- 6 || total
---------------------------+-------+-------++-------
  Melee: Falchion          |   175 |    27 ||   202
         Punch             |     1 |     1 ||     2
         Whip              |       |   147 ||   147
         Hand axe          |       |    63 ||    63
  Throw: Dart              |     4 |     5 ||     9
         Boomerang         |       |     1 ||     1
   Cast: Blink             |       |     1 ||     1
    Use: Potion            |       |     4 ||     4
 Armour: Leather armour    |    44 |    83 ||   127
  Dodge: Dodged            |    90 |   164 ||   254
